 Dungeon Crawl Stone Soup version 0.28.0-43-g3370ac3207 (webtiles) character file.

Game seed: 6615087784652216062

322 Araneus the Poker (level 6, -5/47 HPs)
             Began as a Demonspawn Fighter on Mar 12, 2022.
             Slain by a killer bee (7 damage)
             ... on level 4 of the Dungeon.
             The game lasted 00:04:44 (2816 turns).

Araneus the Poker (Demonspawn Fighter)              Turns: 2816, Time: 00:04:45

Health: -5/47      AC:  7    Str: 18    XL:     6   Next: 22%
Magic:  6/6        EV:  9    Int: 11    God:
Gold:   156        SH:  8    Dex: 13    Spells: 5/5 levels left

rFire   + . .      SeeInvis .   a - +0 trident
rCold   + . .      Faith    .   c - +0 buckler
rNeg    . . .      Spirit   .   b - +0 scale mail
rPois   +          Reflect  .   (no helmet)
rElec   +          Harm     .   (no cloak)
rCorr   +          Rampage  .   p - +0 pair of gloves
Will    .....                   (no boots)
Stlth   ..........              (no amulet)
HPRegen 0.15/turn               (no ring)
MPRegen 0.10/turn               (no ring)

@: lethally poisoned (-5 -> -6), resistant, flying (expiring)
A: big brain 1, condensation shield
a: no special abilities


You were on level 4 of the Dungeon.
You visited 1 branch of the dungeon, and saw 4 of its levels.

You collected 156 gold pieces.

Inventory:

Hand Weapons
 a - a +0 trident (weapon)
Armour
 b - a +0 scale mail (worn)
 c - a +0 buckler (worn)
 p - a +0 pair of gloves (worn)
Scrolls
 f - a scroll of fog {unknown}
 g - 4 scrolls of identify
 h - a scroll of amnesia
 k - a scroll of magic mapping
 n - a scroll of silence {unknown}
Potions
 j - 2 potions of flight
 m - a potion of mutation
 o - a potion of berserk rage {unknown}


   Skills:
 - Level 3.0 Fighting
 + Level 6.1 Polearms
 - Level 2.6 Armour
 - Level 2.6 Shields


You had 5 spell levels left.
You didn't know any spells.
Your spell library was empty.

Dungeon Overview and Level Annotations

Branches:
Dungeon (4/15)
 Temple: D:4-7

Altars:
Ashenzari
Trog
Xom

Shops:
D:4 [


Innate Abilities, Weirdness & Mutations

You have an unusually large brain. (Int +2)
A meltable shield of frost defends you. (SH +4)


Message History

You block the killer bee's attack. The killer bee stings you.
You puncture the killer bee!
The killer bee is almost dead.
The killer bee barely misses you. x2
You miss the killer bee.
The killer bee is almost dead.
You block the killer bee's attack. The killer bee stings you.
You are poisoned.
The killer bee poisons you!
You puncture the killer bee!
You kill the killer bee!
You feel sick. The killer bee closely misses you.
Your Polearms skill increases to level 6!
You barely miss the killer bee.
You feel sick. The killer bee stings you!
* * * LOW HITPOINT WARNING * * *
The killer bee stings you.
* * * LOW HITPOINT WARNING * * *
You barely miss the killer bee.
You feel a little less mighty now.
* * * LOW HITPOINT WARNING * * *
You feel sick. You block the killer bee's attack. x2
Okay, then.
As you read the scroll labelled TIAGOI PISKAKH, it crumbles to dust.
It is a scroll of identify.
m - a potion of mutation
* * * LOW HITPOINT WARNING * * *
You feel sick. The killer bee barely misses you.
You block the killer bee's attack.
As you read the scroll labelled JIODEH CAYSA, it crumbles to dust.
It is a scroll of amnesia.
You feel forgetful for a moment.
You are starting to lose your buoyancy.
* * * LOW HITPOINT WARNING * * *
You feel sick. You block the killer bee's attack. x2
As you read the scroll labelled BUCVIPN CEBRU, it crumbles to dust.
You feel aware of your surroundings.
You sensed 1 altar.
It was a scroll of magic mapping.
* * * LOW HITPOINT WARNING * * *
You feel sick. The killer bee stings you!
You die...

*,,,,* ##.# *,,,,* ####..# ***
*,,,,* ##8...8# ,,* *,,,,*
#......### *,* *,,,,*
#...>...8#### *,*********,,,,*
#...........# *,,,,,,,,,,,,,**
##.8...∩...8.##
###################..##..........
......g......ogy@......8...<.....
*##....o#################........
,,#.....# #8...8... *,#....g#
***** #.####### *,#.....# *,,,*
#.#
*,#.#.###********,,,****#.#******
,....>,,,,,,,,,,,,,,,,,,...,,,,,,
#.#)#.,,,,,,,,,,,,,,,,,,.,****,,,
#.#.##***********,,,,,,**** *,,,


You could see a killer bee, an orc and a goblin.

Vanquished Creatures
  A scorpion (D:4)
  3 killer bees (D:4)
  2 hounds
  2 adders
  A worm (D:2)
  A dart slug (D:1)
  4 ball pythons
  2 endoplasms
  2 giant cockroaches
  2 goblins (D:1)
  A hobgoblin (D:2)
  6 jackals
  2 quokkas (D:3)
  9 bats
  A frilled lizard (D:1)
  6 kobolds
  8 rats
  A spectral goblin (D:1)
54 creatures vanquished.

Notes
Turn   | Place    | Note
-------+----------+-------------------------------------------
     0 | D:1      | Araneus the Demonspawn Fighter began the quest for the Orb.
     0 | D:1      | Reached XP level 1. HP: 18/18 MP: 1/1
    38 | D:1      | Reached skill level 2 in Polearms
   214 | D:1      | Gained mutation: You have an unusually large brain. (Int
                  | +2) [demonic ancestry]
   214 | D:1      | Reached XP level 2. HP: 24/24 MP: 2/2
   504 | D:1      | Reached skill level 3 in Polearms
   523 | D:1      | Found a faded altar of an unknown god.
   586 | D:1      | Gained mutation: A meltable shield of frost defends you.
                  | (SH +4) [demonic ancestry]
   586 | D:1      | Reached XP level 3. HP: 19/29 MP: 3/3
  1817 | D:3      | Found a bloodstained altar of Trog.
  1924 | D:3      | Found a broken altar of Ashenzari.
  2060 | D:3      | Found a shimmering altar of Xom.
  2217 | D:3      | Reached XP level 4. HP: 35/35 MP: 4/4
  2261 | D:3      | Reached skill level 4 in Polearms
  2719 | D:4      | Found Ydeu's Antique Armour Shop.
  2741 | D:4      | Noticed a scorpion
  2764 | D:4      | Reached XP level 5. HP: 31/41 MP: 5/5
  2767 | D:4      | Reached skill level 5 in Polearms
  2799 | D:4      | Reached XP level 6. HP: 13/47 MP: 6/6
  2812 | D:4      | Reached skill level 6 in Polearms
  2816 | D:4      | HP: 2/47 [poisoned by a killer bee]
  2816 | D:4      | Slain by a killer bee

Illustrated notes

Levels and vault maps discovered:
D:1:      tarquinn_simple_flora_water_d, layout_loops_ring,
          dreamdust_ecumenical_altar_drowned_temple, chequers_decorated_corner,
          minmay_pentomino_q4
D:2:      layout_basic
D:3:      layout_basic, ashenzari_conservatory_becter,
          mainiacjoe_overflow_paths, mainiacjoe_overflow_chevrons, serial_glass,
          glass_columns_a, glass_columns_b, glass_columns_a, glass_columns_a
D:4:      layout_basic, mainiacjoe_overflow_brackets, serial_shops,
          nicolae_stop_n_shop_1, uniq_ijyb, uniq_robin, uniq_pikel

Skill      XL: |  1  2  3  4  5  6 |
---------------+-------------------+-----
Polearms       | 2 3 4 5 6 |  6.1
Fighting       | |  3.0
Armour         | |  2.6
Shields        | |  2.6

Action                   |  1- 3 |  4- 6 || total
-------------------------+-------+-------++-------
Melee: Trident           |   146 |    74 ||   220
  Use: Potion            |       |     7 ||     7
       Scroll            |       |     3 ||     3
Armor: Scale mail        |    66 |    39 ||   105
Dodge: Dodged            |    65 |    40 ||   105
Block: Buckler           |    41 |    68 ||   109
